 Dungeon Crawl Stone Soup version 0.24.0-1-gfbc8707122 (webtiles) character file.

Game seed: 4295033237169670810, levelgen mode: classic

508 EnegeticOcto the Chopper (level 6, -12/56 HPs)
             Began as a Minotaur Fighter on Oct 27, 2019.
             Was an Initiate of Ru.
             Mangled by an ogre
             ... wielding a +0 giant club
              (27 damage)
             ... on level 4 of the Dungeon.
             The game lasted 00:01:44 (3081 turns).

EnegeticOcto the Chopper (Minotaur Fighter)         Turns: 3081, Time: 00:01:45

Health: -12/56     AC:  9    Str: 22    XL:     6   Next: 98%
Magic:  5/5        EV:  7    Int:  5    God:    Ru [......]
Gold:   160        SH: 10    Dex: 10    Spells: 5/5 levels left

rFire    . . .     SeeInvis .   a - +0 war axe
rCold    . . .     Gourm    .   c - +0 shield
rNeg     . . .     Faith    .   q - +0 chain mail
rPois    .         Spirit   .   (helmet restricted)
rElec    .         Reflect  .   (no cloak)
rCorr    .         Harm     .   (no gloves)
MR       .....                  (no boots)
Stlth    ..........             (no amulet)
HPRegen  0.18/turn              n - ring of attention (curse)
MPRegen  0.09/turn              (no ring)

@: no status effects
A: retaliatory headbutt, horns 2
a: Renounce Religion


You were on level 4 of the Dungeon.
You worshipped Ru.
Ru was noncommittal.
You were not hungry.

You visited 1 branch of the dungeon, and saw 4 of its levels.

You collected 170 gold pieces.
You donated 10 gold pieces to Zin.

Inventory:

Hand Weapons
 a - a +0 war axe (weapon)
Armour
 b - a +0 scale mail
 c - a +0 shield (worn)
 q - a +0 chain mail (worn)
 w - a +0 pair of boots
Jewellery
 n - a cursed ring of attention (left hand)
 r - an uncursed amulet of the gourmand {unknown}
 t - an uncursed amulet of regeneration {unknown}
 z - an uncursed ring of see invisible {unknown}
Scrolls
 f - 7 scrolls of identify {unknown}
 h - a scroll of fog {unknown}
 i - 5 scrolls of amnesia {unknown}
 k - 2 scrolls of remove curse {unknown}
 l - a scroll of enchant armour {unknown}
 s - 3 scrolls of teleportation {unknown}
 x - a scroll of noise {unknown}
 y - a scroll of magic mapping {unknown}
 A - a scroll of immolation {unknown}
Potions
 d - a potion of might {@q3 !q}
 g - a potion of degeneration {unknown}
 j - a potion of haste {unknown}
 m - 2 potions of flight {unknown}
 o - a potion of heal wounds {unknown}
 p - a potion of berserk rage {unknown}
 u - 3 potions of curing {unknown}
Comestibles
 e - 5 rations
 v - 2 chunks of flesh


   Skills:
 + Level 5.0 Fighting
 * Level 5.5 Axes
 + Level 5.2 Armour
 + Level 2.9 Dodging
 + Level 5.0 Shields


You had 5 spell levels left.
You didn't know any spells.
Your spell library contained the following spells:

 Spells                   Type           Power        Failure   Level  Hunger
 Animate Skeleton         Necr           N/A          100%        1    ##.....
 Apportation              Tloc           #.....       100%        1    ##.....
 Confusing Touch          Hex            #.....       100%        1    ##.....
 Summon Small Mammal      Summ           #...         100%        1    ##.....


Dungeon Overview and Level Annotations

Branches:
Dungeon (4/15)
 Temple: D:4-7

Altars:
Ru
Zin

Shops:
D:4 %

Annotations:
D:4 3 runed translucent doors, MirrMurr's ghost, amateur SpEn


Innate Abilities, Weirdness & Mutations

You reflexively headbutt those who attack you in melee.
You have a pair of horns on your head.


Message History

z - a glowing brass ring Eating one of 9 chunks of flesh.
You eat one of the 9 chunks of flesh.
This raw flesh tastes terrible.
You see here 16 stones.
Found 20 arrows.
You see here 20 arrows.
f - 6 scrolls labeled EPUCOE MEMY (gained 1) MirrMurr's ghost turns its malevolent gaze towards you.
The orc shouts!
An adder comes into view.
An adder is nearby!
You hit the adder.
The adder is heavily wounded.
You block the adder's attack. The adder completely misses you.
You furiously retaliate!
You headbutt the adder!
You kill the adder!
No reachable target in view!
No reachable target in view!
No reachable target in view!
No reachable target in view!
No reachable target in view!
A giant cockroach comes into view.
A giant cockroach is nearby!
A giant cockroach is nearby!
A giant cockroach is nearby!
You block the giant cockroach's attack.
Found a stone staircase leading down.
You closely miss the giant cockroach.
Your headbutt misses the giant cockroach.
The giant cockroach bites you but does no damage.
The giant cockroach barely misses you.
You slash the giant cockroach!
You kill the giant cockroach!
No target in view!
No target in view!
No target in view!
You butcher the giant cockroach corpse.
v - 10 chunks of flesh (gained 2)
e - 5 rations (gained 1)
You see here 29 stones.
A worker ant comes into view.
The worker ant twitches its antennae in your direction.
A worker ant is nearby!
A worker ant is nearby!
A worker ant is nearby!
You block the worker ant's attack. The worker ant bites you.
Found a stone staircase leading up.
Your shield and chain mail prevent you from hitting the worker ant.
You headbutt the worker ant!
The worker ant is heavily wounded.
You block the worker ant's attack.
Your shield and chain mail prevent you from hitting the worker ant.
The worker ant is heavily wounded.
The worker ant bites you but does no damage.
You block the worker ant's attack.
You hit the worker ant.
The worker ant is severely wounded.
The worker ant bites you.
You hit the worker ant. Your headbutt misses the worker ant.
The worker ant is almost dead.
The worker ant bites you but does no damage. x2
A worker ant is nearby!
A worker ant is nearby!
You closely miss the worker ant.
The worker ant is almost dead.
You block the worker ant's attack. x2
You slash the worker ant!
You kill the worker ant!
Found a dire flail.
Found 18 stones.
You now have 135 gold pieces (gained 13).
Some of the chunks of flesh in your inventory have rotted away.
You see here 18 stones.
f - 7 scrolls labeled EPUCOE MEMY (gained 1)
You now have 150 gold pieces (gained 15).
A - a scroll labeled POUSCHUPIWU You now have 160 gold pieces (gained 10).
Found a mace.
You see here a mace.
An ogre comes into view. It is wielding a +0 giant club.
The ogre shouts!
Found a leather armour.
An ogre is nearby!
An ogre is nearby!
The ogre hits you with a +0 giant club!!
You closely miss the ogre. The ogre hits you with a +0 giant club!
You are too injured to fight recklessly!
You are too injured to fight recklessly!
You are too injured to fight recklessly!
You are too injured to fight recklessly!
You are too injured to fight recklessly!
You are too injured to fight recklessly!
Your shield and chain mail prevent you from hitting the ogre.
The ogre closely misses you. You furiously retaliate!
You headbutt the ogre. The ogre hits you with a +0 giant club!
* * * LOW HITPOINT WARNING * * *
You slash the ogre!
The ogre is heavily wounded.
The ogre hits you with a +0 giant club!!
You die...

#####.....#.#
#####..##...#
.......##...#
############### ##
### [# .####
####)## #. ###.#
#.###.###.##
.##.###.##.##.##O#
.#.#.#.#.#.#.#.#@##
..#..#..#..#..#...#
.#...#...#...#...##
#....#....#....#..#
(.#.....#.....#...#
.....#......#.....#
.#.......#.......##
..................#
#######.#######.###


You could see an ogre.

Vanquished Creatures
  2 ogres (D:4)
  A scorpion (D:4)
  An orc wizard (D:4)
  2 iguanas (D:4)
  3 worker ants (D:4)
  8 adders
  An ooze (D:1)
  An adder skeleton (D:4)
  3 worms
  A dart slug (D:1)
  A leopard gecko (D:1)
  3 orcs
  4 giant cockroaches
  3 goblins
  4 hobgoblins
  5 jackals
  2 quokkas
  A ball python (D:1)
  3 bats
  4 frilled lizards (D:2)
  6 kobolds
  4 rats
63 creatures vanquished.

Notes
Turn   | Place    | Note
-------+----------+-------------------------------------------
     0 | D:1      | EnegeticOcto the Minotaur Fighter began the quest for the
                  | Orb.
     0 | D:1      | Reached XP level 1. HP: 19/19 MP: 0/0
   295 | D:1      | Reached XP level 2. HP: 27/27 MP: 1/1
   709 | D:2      | Reached XP level 3. HP: 25/33 MP: 2/2
   804 | D:2      | Reached skill level 1 in Dodging
   990 | D:2      | Found a faded altar of an unknown god.
  1030 | D:2      | Became a worshipper of Zin the Law-Giver
  1030 | D:2      | Reached * piety under Zin
  1275 | D:2      | Reached ** piety under Zin
  1337 | D:2      | Reached XP level 4. HP: 40/40 MP: 3/3
  1676 | D:3      | Found a sacrificial altar of Ru.
  1691 | D:3      | Fell from the grace of Zin
  1691 | D:3      | Became a worshipper of Ru the Awakened
  2216 | D:4      | Found a runed translucent gate.
  2217 | D:4      | Found a runed translucent gate.
  2218 | D:4      | Found a runed translucent gate.
  2218 | D:4      | Noticed MirrMurr's ghost (amateur SpEn)
  2221 | D:4      | Noticed an ogre
  2229 | D:4      | Killed an ogre
  2229 | D:4      | Reached XP level 5. HP: 39/47 MP: 4/4
  2298 | D:4      | Found Xovvi's Food Emporium.
  2348 | D:4      | Reached XP level 6. HP: 43/53 MP: 5/5
  2416 | D:4      | Reached skill level 5 in Axes
  2602 | D:4      | Reached skill level 5 in Armour
  2799 | D:4      | Reached skill level 5 in Fighting
  2799 | D:4      | Reached skill level 5 in Shields
  3081 | D:4      | Mangled by an ogre

Levels and vault maps discovered:
D:1:      giann_horns, layout_basic, serial_curves, eino_curves_04,
          eino_curves_03, serial_bayou_crossing
D:2:      layout_basic, first_ration, chequers_ecumenical_altar_simple
D:3:      layout_rooms, overflow_temple_1_default
D:4:      layout_loops_cross, marbit_many_paths, gammafunk_ghost_split,
          serial_shops, nicolae_shop_stone, hangedman_decor_clover_reticule,
          minivault_24, hangedman_decor_riveting, minmay_increasing_density

Skill      XL: |  1  2  3  4  5  6 |
---------------+-------------------+-----
Axes           | 3 4 5 |  5.5
Armour         | 4 5 |  5.2
Dodging        | 1 2 |  2.9
Shields        | 4 5 |  5.0
Fighting       | 4 5 |  5.0

Action                   |  1- 3 |  4- 6 || total
-------------------------+-------+-------++-------
Melee: War axe           |    73 |   122 ||   195
       Headbutt          |    11 |    26 ||    37
  Eat: Chunk             |     1 |     6 ||     7
Armor: Scale mail        |    24 |       ||    24
       Chain mail        |     8 |    62 ||    70
Dodge: Dodged            |    20 |    31 ||    51
Block: Shield            |    42 |    66 ||   108
